 Dungeon Crawl Stone Soup version 0.26-a0-524-g073066f (webtiles) character file.

Game seed: 2753196974637321973

165 comp86 the Chopper (level 5, -4/47 HPs)
             Began as a Hill Orc Fighter on Aug 12, 2020.
             Killed by divine providence
             ... invoked by an orc priest
              (14 damage)
             ... on level 3 of the Dungeon.
             The game lasted 00:10:33 (2712 turns).

comp86 the Chopper (Hill Orc Fighter)               Turns: 2712, Time: 00:10:33

Health: -4/47      AC: 10    Str: 20    XL:     5   Next: 46%
Magic:  0/5        EV:  5    Int:  8    God:
Gold:   124        SH:  9    Dex: 10    Spells: 4/4 levels left

rFire    . . .     SeeInvis .   a - +0 war axe
rCold    . . .     Faith    .   c - +0 kite shield
rNeg     . . .     Spirit   +   n - -1 chain mail (curse)
rPois    .         Reflect  .   r - +0 helmet
rElec    .         Harm     .   (no cloak)
rCorr    .                      q - +0 pair of gloves
MR       .....                  (no boots)
Stlth    ..........             g - amulet of guardian spirit
HPRegen  0.15/turn              f - ring of flight
MPRegen  0.09/turn              (no ring)

@: no status effects
A: no striking features
a: Convert to Beogh, Evoke Flight


You were on level 3 of the Dungeon.
You visited 1 branch of the dungeon, and saw 3 of its levels.

You collected 124 gold pieces.

Inventory:

Hand Weapons
 a - a +0 war axe (weapon)
Armour
 b - a +0 scale mail
 c - a +0 kite shield (worn)
 n - a cursed -1 chain mail (worn)
 q - a +0 pair of gloves (worn)
 r - a +0 helmet (worn)
Jewellery
 f - a ring of flight (left hand)
 g - an amulet of guardian spirit (around neck)
 h - an uncursed amulet of reflection {unknown}
Scrolls
 i - 2 scrolls of teleportation
 k - a scroll of amnesia
 l - a scroll of immolation
Potions
 d - 2 potions of might
 e - a potion of berserk rage {unknown}
 j - a potion of flight {unknown}
 m - a potion of ambrosia {unknown}
 o - a potion of stabbing {unknown}
 p - 2 potions of curing {unknown}


   Skills:
 + Level 4.3 Fighting
 + Level 5.0 Axes
 + Level 4.1 Armour
 + Level 0.4 Dodging
 + Level 4.1 Shields


You had 4 spell levels left.
You didn't know any spells.
Your spell library was empty.

Dungeon Overview and Level Annotations

Branches:
Dungeon (3/15)

Altars:
Trog
Yredelemnul


Message History

The jackal bites you.
The jackal bites you but does no damage.
You barely miss the jackal.
The jackal is heavily wounded.
The jackal barely misses you. x2
You barely miss the jackal.
The jackal is heavily wounded.
You block the jackal's attack. The jackal closely misses you.
You hit the jackal but do no damage.
The jackal is heavily wounded.
The jackal bites you but does no damage. x2
You closely miss the jackal.
The jackal is heavily wounded.
The orc priest calls down the wrath of Beogh upon you.
Beogh smites you!
* * * LOW HITPOINT WARNING * * *
The jackal bites you but does no damage.
The orc priest mumbles some strange prayers to Beogh against you.
Beogh smites you!
You die...

#####.....#...............#.#####
..........................†......
######......#####.....#####.#####
## #......# #.....# #.# .#
#......# ####### #.# .# ##......#
#.# ## .## #....#.## #.# #. ..#
#....#.######## #.# #.
#.###....'......@.# #.# #.
#..##....#.######h# #.# #.
##.#######.# b# #. #..######.# o#
#. #......##.# oh #. #.....[##.#
.. #. #......##.# ... #.
####.#####.# ?.. #. ......# #.#
#.


You could see an orc priest, an orc, 2 jackals and a bat.

Vanquished Creatures
  An orc priest (D:3)
  6 adders (D:3)
  An ooze (D:3)
  6 dart slugs (D:1)
  2 leopard geckos
  2 orcs (D:3)
  5 giant cockroaches
  5 goblins
  8 hobgoblins
  A quokka (D:3)
  9 bats
  3 frilled lizards
  7 kobolds
  8 rats
64 creatures vanquished.

Notes
Turn   | Place    | Note
-------+----------+-------------------------------------------
     0 | D:1      | comp86 the Hill Orc Fighter began the quest for the Orb.
     0 | D:1      | Reached XP level 1. HP: 19/19 MP: 1/1
   217 | D:1      | Reached XP level 2. HP: 27/27 MP: 2/2
   239 | D:1      | Reached skill level 3 in Axes
   565 | D:1      | Reached XP level 3. HP: 30/33 MP: 3/3
   841 | D:2      | Found a bloodstained altar of Trog.
  1276 | D:2      | Found a basalt altar of Yredelemnul.
  1576 | D:3      | Reached skill level 4 in Axes
  1576 | D:3      | Reached XP level 4. HP: 37/40 MP: 4/4
  2296 | D:3      | Reached XP level 5. HP: 43/46 MP: 5/5
  2705 | D:3      | Reached skill level 5 in Axes
  2712 | D:3      | Killed from afar by an orc priest

Illustrated notes

Levels and vault maps discovered:
D:1:      ncdulo_watergridlock, layout_basic
D:2:      layout_basic, lemuel_round_altar, overflow_temple_1_default
D:3:      layout_basic

Skill      XL: |  1  2  3  4  5 |
---------------+----------------+-----
Axes           | 3 4 5 |  5.0
Fighting       | 4 |  4.3
Shields        | 4 |  4.1
Armour         | 4 |  4.1
Dodging        | |  0.4

Action                   |  1- 3 |  4- 6 || total
-------------------------+-------+-------++-------
Melee: War axe           |   122 |    84 ||   206
  Use: Scroll            |     9 |       ||     9
Armor: Scale mail        |    60 |    20 ||    80
       Chain mail        |       |     8 ||     8
Dodge: Dodged            |    30 |    20 ||    50
Block: Kite shield       |    71 |    42 ||   113

Table legend: (Time is in decaauts)
 A = Elapsed time spent in this place.
 B = Non-inter-level travel time spent in this place.
 C = Inter-level travel time spent in this place.
 D = Time resting spent in this place.
 E = Time spent auto-exploring this place.
 F = Levels seen in this place.
 G = Mean time per level.
                   A        B        C        D        E       F      G
               +--------+--------+--------+--------+--------+-----+--------+
         Total |   2791 |   2704 |     87 |      0 |   2023 |   3 |  930.3 |
       Dungeon |   2791 |   2704 |     87 |      0 |   2023 |   3 |  930.3 |
               +--------+--------+--------+--------+--------+-----+--------+

Top non-repeatable levels by time:
     D:3: 1171 daAuts
     D:1: 880 daAuts
     D:2: 739 daAuts
